 Dungeon Crawl Stone Soup version 0.30-a0-4-ga7cffc901d (webtiles) character file.

Game seed: 1240240752724028960

65 Setbun the Cutter (level 4, -7/29 HPs)
             Began as a Kobold Berserker on Aug 20, 2022.
             Was a Believer of Trog.
             Mangled by a gnoll
             ... wielding a +0 flail
              (8 damage)
             ... on level 2 of the Dungeon.
             The game lasted 00:02:02 (2305 turns).

Setbun the Cutter (Kobold Berserker)                Turns: 2305, Time: 00:02:02

Health: -7/29      AC:  2    Str: 14    XL:     4   Next: 34%
Magic:  4/4        EV: 15    Int:  8    God:    Trog [**....]
Gold:   109        SH:  0    Dex: 16    Spells: 3/3 levels left

rFire   . . .      SeeInvis .    a - +0 short sword
rCold   . . .      Faith    .    (no shield)
rNeg    . . .      Spirit   .    b - +0 animal skin
rPois   .          Reflect  .    (no helmet)
rElec   .          Harm     .    (no cloak)
rCorr   .          Rampage  .    (no gloves)
Will    .....                    (no boots)
Stlth   +++.......               (no amulet)
HPRegen 0.09/turn                (no ring)
MPRegen 0.09/turn                (no ring)

@: lethally poisoned (-7 -> -14)
A: small, no large weapons, nightstalker 3
a: Renounce Religion, Berserk, Trog's Hand


You were on level 2 of the Dungeon.
You worshipped Trog.
Trog was pleased with you.
You visited 1 branch of the dungeon, and saw 2 of its levels.

You collected 109 gold pieces.

Inventory:

Hand Weapons
 a - a +0 short sword (weapon)
Armour
 b - a +0 animal skin (worn)
Jewellery
 i - a ring of ice
Scrolls
 c - 3 scrolls of identify {unknown}
 d - a scroll of fear {unknown}
 f - a scroll of immolation {unknown}
 g - 2 scrolls of amnesia {unknown}
Potions
 e - a potion of heal wounds {unknown}
 h - 2 potions of curing {unknown}
 j - a potion of attraction {unknown}


   Skills:
 + Level 3.7 Fighting
 * Level 5.0 Short Blades
 - Level 1.7 Armour
 + Level 3.2 Dodging
 + Level 1.9 Stealth


You had 3 spell levels left.
You didn't know any spells.
Your spell library was empty.

Dungeon Overview and Level Annotations

Branches:
Dungeon (2/15)

Altars:

Shops:
D:1 (


Innate Abilities, Weirdness & Mutations

You are small and have problems with some larger weapons.
You are completely attuned to the shadows.


Message History

The helpless hobgoblin fails to defend itself.
You impale the hobgoblin!!
You kill the hobgoblin!
Trog accepts your kill.
No target in view!
No target in view!
No target in view!
No target in view!
No target in view!
No target in view!
No target in view!
A gnoll comes into view. It is wielding a +2 halberd of venom.
The gnoll shouts!
You hear a shout! x3
A gnoll is nearby!
A gnoll comes into view. It is wielding a +0 flail.
A goblin comes into view. It is wielding a +0 dagger.
The gnoll hits you from afar with a +2 halberd of venom.
You are poisoned.
You feel very sick.
The gnoll hits you with a +2 halberd of venom!
You are lethally poisoned!
A gnoll comes into view. It is wielding a +0 spear.
You closely miss the gnoll.
You feel very sick. The gnoll closely misses you.
The gnoll attacks as you move away! The gnoll barely misses you.
* * * LOW HITPOINT WARNING * * *
You feel very sick. The gnoll barely misses you.
The goblin attacks as you move away! The goblin barely misses you.
* * * LOW HITPOINT WARNING * * *
You feel very sick. The goblin attacks as you move away!
The goblin hits you with a +0 dagger.
* * * LOW HITPOINT WARNING * * *
x2 You feel sick.
The gnoll attacks as you move away! The gnoll closely misses you.
* * * LOW HITPOINT WARNING * * *
You feel sick. The gnoll attacks as you move away!
The gnoll hits you with a +0 flail!
You die...

..♣♣ ..♣
.....# ♣.♣
.....# ♣.#
PP...###
..#
♣♣.....####
####
.....gg....
#..
...###g###
#.# .. ##g#
#.# # ##.@#
..# ##...##
..#
##.......
#.#####
##.......#
# #.....#
##.......##
. #......
.....#....#
#...# .
#.#.P.P
.P........#
....# .
#.#P..P
.....#####
#..# #
#.....♣
.♣PP.#
#..####


You could see 3 gnolls and a goblin.

Vanquished Creatures
  2 adders (D:2)
  2 bats
  2 endoplasms (D:2)
  A giant cockroach (D:2)
  2 goblins (D:1)
  5 hobgoblins
  11 jackals (D:1)
  3 quokkas
  3 ball pythons
  2 frilled lizards
  5 kobolds
  4 rats
42 creatures vanquished.

Vanquished Creatures (others)
  A demonspawn (D:1)
  2 draconians (D:1)
  A vine stalker (D:1)
  2 formicids (D:1)
  A demigod (D:1)
  A felid (D:1)
  A gnoll (D:1)
  3 kobolds (D:1)
  5 bushes (D:2)
  18 plants
  9 tentacles (D:1)
44 creatures vanquished.

Grand Total: 86 creatures vanquished

Notes
Turn   | Place    | Note
-------+----------+-------------------------------------------
     0 | D:1      | Setbun the Kobold Berserker began the quest for the Orb.
     0 | D:1      | Reached XP level 1. HP: 14/14 MP: 1/1
     0 | D:1      | Noticed a draconian
     0 | D:1      | Noticed a formicid
     0 | D:1      | Noticed a vine stalker
     5 | D:1      | Killed a draconian
     8 | D:1      | Killed a formicid
    11 | D:1      | Noticed a demonspawn
    12 | D:1      | Noticed a felid
    12 | D:1      | Killed a vine stalker
    12 | D:1      | Killed a draconian
    14 | D:1      | Noticed a kraken
    15 | D:1      | Noticed a formicid
    16 | D:1      | Killed a felid
    16 | D:1      | Killed a demigod
    19 | D:1      | Killed a demonspawn
    21 | D:1      | Killed a formicid
   141 | D:1      | Reached XP level 2. HP: 18/19 MP: 2/2
   246 | D:1      | Found Quqai's Antique Weapon Shop.
   368 | D:1      | Found a faded altar of an unknown god.
   411 | D:1      | Reached skill level 1 in Stealth
   411 | D:1      | Reached XP level 3. HP: 22/23 MP: 3/3
  1947 | D:2      | Reached ** piety under Trog
  2076 | D:2      | Reached XP level 4. HP: 29/29 MP: 4/4
  2098 | D:2      | Reached skill level 5 in Short Blades
  2304 | D:2      | HP: 1/29 [poisoned by a gnoll]
  2305 | D:2      | Mangled by a gnoll

Illustrated notes

Levels and vault maps discovered:
D:1:      nicolae_arrival_kraken_aquarium_a, layout_loops_corners,
          shapermc_ecumenical_altar_starsandcircs, serial_shops,
          nicolae_shop_overgrown_old_shop
D:2:      layout_loops_ring, serial_forest, infiniplex_forest_clump_large,
          infiniplex_forest_clump_double, infiniplex_forest_3_way,
          infiniplex_forest_end_2, infiniplex_forest_lined_3,
          infiniplex_forest_zigzag_1, infiniplex_forest_corner_1,
          infiniplex_forest_straight_3, infiniplex_forest_zigzag_1,
          minmay_octomino_j4, uniq_robin

Skill      XL: |  1  2  3  4 |
---------------+-------------+-----
Stealth        | 1 |  1.9
Dodging        | 3 |  3.2
Short Blades   | 5 |  5.0
Fighting       | |  3.7
Armour         | |  1.7

Action                   |  1- 3 |  4- 6 || total
-------------------------+-------+-------++-------
Melee: Short sword       |   131 |    11 ||   142
       Punch             |     2 |       ||     2
Invok: Berserk           |     1 |       ||     1
 Stab: Sleeping          |    11 |     5 ||    16
Armor: Animal skin       |    27 |       ||    27
Dodge: Dodged            |    93 |     7 ||   100

Table legend: (Time is in decaauts)
 A = Elapsed time spent in this place.
 B = Non-inter-level travel time spent in this place.
 C = Inter-level travel time spent in this place.
 D = Time resting spent in this place.
 E = Time spent auto-exploring this place.
 F = Levels seen in this place.
 G = Mean time per level.
                   A        B        C        D        E       F      G
               +--------+--------+--------+--------+--------+-----+--------+
         Total |   2297 |   2264 |     33 |    267 |   1717 |   2 | 1148.5 |
       Dungeon |   2297 |   2264 |     33 |    267 |   1717 |   2 | 1148.5 |
               +--------+--------+--------+--------+--------+-----+--------+

Top non-repeatable levels by time:
     D:1: 1450 daAuts
     D:2: 846 daAuts
